 Dungeon Crawl Stone Soup version 0.31.0-1-g2c135a008e (webtiles) character file.

Game seed: 4459777116415654448

749 mfcas the Destroyer (level 7, 0/35 (36) HPs)
             Began as a Deep Elf Conjurer on Jan 20, 2024.
             Slain by a wight
             ... wielding a +5 war axe
              (4 damage)
             ... on level 6 of the Dungeon.
             The game lasted 00:05:08 (4150 turns).

mfcas the Destroyer (Deep Elf Conjurer)             Turns: 4150, Time: 00:05:10

HP:   0/35 (36)     AC:  5    Str:  4    XL:     7   Next: 48%
MP:   3/18          EV: 12    Int: 25    God:
Gold: 225           SH:  0    Dex: 13    Spells: 8/19 levels left

rFire   . . .        (no weapon)
rCold   . . .        (no shield)
rNeg    . . .        a - +0 robe
rPois   .            (no helmet)
rElec   .            w - +2 cloak {Stlth+}
rCorr   .            (no gloves)
SInv    .            (no boots)
Will    .....        (no amulet)
Stlth   +++          (no ring)
HPRegen 0.25/turn    (no ring)
MPRegen 0.16/turn

%: no passive effects
@: lightly drained
A: no striking features
a: no special abilities


You were on level 6 of the Dungeon.
You visited 1 branch of the dungeon, and saw 6 of its levels.

You collected 225 gold pieces.

Inventory:

Armour
 a - a +0 robe (worn)
 w - a +2 cloak of stealth (worn)
Jewellery
 t - a ring of positive energy
Wands
 r - a wand of iceblast (6)
Scrolls
 d - a scroll of enchant weapon {unknown}
 e - a scroll of enchant armour {unknown}
 g - 5 scrolls of noise {unknown}
 i - a scroll of identify {unknown}
 l - 2 scrolls of revelation {unknown}
 m - a scroll of poison {unknown}
 n - 3 scrolls of teleportation {unknown}
 o - a scroll of fog {unknown}
 p - a scroll of silence {unknown}
 s - 4 scrolls of immolation {unknown}
 v - a scroll of fear {unknown}
Potions
 b - 2 potions of magic
 c - 4 potions of haste {unknown}
 f - a potion of cancellation {unknown}
 h - a potion of might {unknown}
 j - 2 potions of lignification {unknown}
 k - a potion of curing {unknown}
 q - a potion of heal wounds {unknown}
 u - a potion of enlightenment {unknown}


   Skills:
 - Level 2.4 Dodging
 - Level 2.4 Stealth
 + Level 6.6 Spellcasting
 * Level 8.3 Conjurations
 * Level 2.9 Alchemy


You had 8 spell levels left.
You knew the following spells:

 Your Spells              Type           Power      Damage    Failure   Level
a - Magic Dart            Conj           100%       1d8       1%          1
b - Searing Ray           Conj           98%        2d8       1%          2
c - Fulminant Prism       Conj/Alch      18%        3d10      7%          4
d - Iskenderun's Mystic   Conj/Tloc      29%        2d7       13%         4

Your spell library contained the following spells:

 Spells                   Type           Power      Damage    Failure   Level


Dungeon Overview and Level Annotations

Branches:
Dungeon (7/15)
 Temple: D:4-7

Altars:
Okawaru


Message History

Press: ? - help, Dir - move target You conjure a prism of explosive energy!
A fulminant prism comes into view.
The wight hits your fulminant prism with a +2 flail!
The wight attacks as it pursues you! The wight hits you with a +5 war axe!
You feel drained.
The wight hits your fulminant prism with a +5 war axe!
Your fulminant prism detonates feebly.
Unknown command.
Unknown command.
Unknown command.
Casting: Fulminant Prism (quite dangerous; 8% risk of failure)
Confirm with . or Enter, or press ? or * to list all spells.
Aiming: Searing Ray (safe; 1% risk of failure)
Press: ? - help, Shift-Dir - straight line, f - wight
Aim: a wight, wielding a +5 war axe and wearing a +0 robe (lightly damaged, 83% to hit)
The searing ray hits the wight.
The wight is moderately damaged.
The searing ray hits the wight!
You destroy the wight! (Press . to maintain the ray.)
The wight barely misses you.
Your life force feels restored.
Unknown command.
Unknown command.
The searing ray hits the wight.
The wight is heavily damaged.
The searing ray misses the wight.
The wight hits you with a +5 war axe!
* * * LOW HITPOINT WARNING * * *
You feel drained.
* * * LOW HITPOINT WARNING * * *
The wight closely misses you.
The searing ray hits the wight.
The wight is severely damaged.
The searing ray hits the wight!
You destroy the wight!
The searing ray hits the wight!
The wight is severely damaged.
The wight hits you with a +5 war axe.
You die...

####..).##....####.#
###......####...#
###..####....#####.
#####.............
### #.....########
###..####....##
#...)..####...#
#....##....####.#
..z ##.)z)z@..# #
##########


You could see 2 wights.

Vanquished Creatures
  Grinder (D:3)
  An orc warrior (D:6)
  A bullfrog (D:6)
  A scorpion (D:2)
  3 wights (D:6)
  A hound (D:4)
  Jessica (D:2)
  An iguana (D:4)
  Natasha (D:2)
  Robin (D:2)
  4 adders
  3 dart slugs
  2 ribbon worms
  7 orcs
  4 bats
  9 endoplasms
  A giant cockroach (D:1)
  13 goblins
  6 hobgoblins
  7 jackals (D:1)
  2 quokkas
  4 ball pythons
  5 frilled lizards
  A kobold (D:2)
  A rat (D:1)
81 creatures vanquished.

Vanquished Creatures (others)
  3 fulminant prisms (D:6)
3 creatures vanquished.

Grand Total: 84 creatures vanquished

Notes
Turn   | Place    | Note
-------+----------+-------------------------------------------
     0 | D:1      | mfcas the Deep Elf Conjurer began the quest for the Orb.
     0 | D:1      | Reached XP level 1. HP: 10/10 MP: 6/6
   353 | D:1      | Reached XP level 2. HP: 15/15 MP: 2/8
   741 | D:1      | Reached skill level 5 in Conjurations
   843 | D:1      | Learned a level 2 spell: Searing Ray
  1036 | D:1      | Reached XP level 3. HP: 19/19 MP: 7/10
  1544 | D:2      | Noticed Robin
  1808 | D:2      | Noticed Jessica
  1810 | D:2      | Killed Jessica
  1845 | D:2      | Killed Robin
  1846 | D:2      | Reached XP level 4. HP: 24/24 MP: 3/12
  2323 | D:2      | Noticed a scorpion
  2329 | D:2      | Killed a scorpion
  2330 | D:2      | Reached skill level 6 in Conjurations
  2330 | D:2      | Reached XP level 5. HP: 11/28 MP: 4/14
  2565 | D:2      | Noticed Natasha
  2568 | D:2      | Killed Natasha
  2569 | D:2      | Reached skill level 5 in Spellcasting
  2840 | D:3      | Noticed Grinder
  2850 | D:3      | Killed Grinder
  2851 | D:3      | Reached skill level 7 in Conjurations
  2851 | D:3      | Reached XP level 6. HP: 20/32 MP: 2/16
  3378 | D:3      | Found an iron altar of Okawaru.
  3514 | D:3      | Learned a level 4 spell: Fulminant Prism
  3519 | D:3      | Learned a level 4 spell: Iskenderun's Mystic Blast
  3757 | D:4      | Reached skill level 1 in Alchemy
  3868 | D:4      | You fall into a shaft and drop 3 floors!
  3871 | D:7      | Noticed a water moccasin
  3915 | D:7      | Noticed a steam dragon
  3938 | D:6      | Reached XP level 7. HP: 13/36 MP: 12/18
  4060 | D:6      | Reached skill level 8 in Conjurations
  4150 | D:6      | Slain by a wight

Illustrated notes

Levels and vault maps discovered:
D:1:      minmay_arrival_split_and_join, layout_basic, minmay_pentomino_r2
D:2:      layout_basic, corexii_item_surrounded_by_moat, uniq_robin,
          uniq_natasha, uniq_jessica
D:3:      layout_basic, okawaru_gym_becter, kennysheep_small_spiral,
          uniq_grinder
D:4:      layout_basic, chei_slow_surprise, st_stairs_9
D:6:      nicolae_cairo_tiling, layout_loops_ring, old_standard_altar,
          minmay_misc_feat_x, uniq_edmund, uniq_sigmund
D:7:      regret_index_malice_mire, layout_loops_ring,
          minmay_temple_entry_mini_moons, minmay_shop_mass

Skill      XL: |  1  2  3  4  5  6  7 |
---------------+----------------------+-----
Conjurations   | 5 6 7 8 |  8.3
Spellcasting   | 4 5 6 |  6.6
Alchemy        | 1 2 |  2.9
Dodging        | |  2.4
Stealth        | |  2.4

Action                     |  1- 3 |  4- 6 |  7- 9 || total
---------------------------+-------+-------+-------++-------
  Melee: Unarmed           |    10 |       |       ||    10
   Cast: Magic Dart        |    68 |    74 |       ||   142
         Searing Ray       |     1 |    11 |     3 ||    15
         Fulminant Prism   |       |       |     3 ||     3
 Armour: Robe              |     9 |    14 |     3 ||    26
  Dodge: Dodged            |    18 |    14 |     3 ||    35
